 Dungeon Crawl Stone Soup version 0.28.0-47-ge53b351184 (webtiles) character file.

Game seed: 17919721809419842371

10 Exodus22XD the Sneak (level 2, 0/11 HPs)
             Began as a Felid Enchanter on May 2, 2022.
             Slain by a quokka (2 damage)
             ... on level 1 of the Dungeon.
             The game lasted 00:01:28 (483 turns).

Exodus22XD the Sneak (Felid Enchanter)               Turns: 483, Time: 00:01:29

Health: 0/11       AC:  1    Str:  4    XL:     2   Next: 10%
Magic:  6/6        EV: 17    Int: 16    God:
Gold:   18         SH:  0    Dex: 16    Spells: 5/5 levels left
                                        Lives:  0   Deaths: 0

rFire   . . .      SeeInvis +     - Unarmed
rCold   . . .      Faith    .   (shield unavailable)
rNeg    . . .      Spirit   .   (armour unavailable)
rPois   .          Reflect  .   (helmet unavailable)
rElec   .          Harm     .   (cloak unavailable)
rCorr   .          Rampage  .   (gloves unavailable)
Will    .....                   (boots unavailable)
Stlth   +++.......              (no amulet)
HPRegen 0.03/turn               (no ring)
MPRegen 0.10/turn               (no ring)

@: quick
A: very small, claws 1, fangs 3, see invisible, speed 1, shaggy fur 1, stealthy
paws, no weapons or thrown items, no armour, multi-lived
a: no special abilities


You were on level 1 of the Dungeon.
You visited 1 branch of the dungeon, and saw 1 of its levels.

You collected 18 gold pieces.

Inventory:

Scrolls
 b - a scroll of identify {unknown}
Potions
 a - a potion of invisibility
 c - a potion of cancellation {unknown}


   Skills:
 - Level 2.6 Dodging
 + Level 5.0 Stealth
 - Level 1.0 Unarmed Combat
 - Level 2.0 Spellcasting
 - Level 4.4 Hexes


You had 5 spell levels left.
You didn't know any spells.
Your spell library contained the following spells:

 Spells                   Type           Power      Damage    Failure   Level
 Confusing Touch          Hex            15%        N/A       11%         3
 Tukima's Dance           Hex            15%        N/A       11%         3
 Ensorcelled Hibernation  Hex/Ice        16%        N/A       13%         2
 Summon Small Mammal      Summ           4%         N/A       21%         1
 Dazzling Flash           Conj/Hex       16%        N/A       26%         3
 Summon Guardian Golem    Hex/Summ       8%         N/A       26%         3
 Call Canine Familiar     Summ           1%         N/A       52%         3


Dungeon Overview and Level Annotations

Branches:
Dungeon (1/15)

Altars:


Innate Abilities, Weirdness & Mutations

You have sharp claws.
You have razor-sharp teeth.
You have supernaturally acute eyesight. (SInv)
You cover ground quickly. (Speed+)
You are covered in fur. (AC +1)
Your paws help you pounce on unaware monsters.
You are incapable of wielding weapons or throwing items.
You cannot wear armour.
You gain extra lives every three experience levels.


Message History

You scratch the endoplasm but do no damage.
The endoplasm freezes you.
You are frozen.
You scratch the endoplasm but do no damage.
The endoplasm hits you.
You scratch the endoplasm.
The endoplasm is lightly wounded.
The endoplasm freezes you.
You are frozen.
* * * LOW HITPOINT WARNING * * *
You are too injured to fight recklessly!
Press: ? - help, v - describe, . - travel
Here: an endoplasm (lightly wounded)
The floor. 2 rats come into view.
An endoplasm comes into view.
Found 28 stones.
A goblin comes into view. It is wielding a +0 club.
A quokka and a kobold come into view.
Found a faded altar of an unknown god.
The endoplasm freezes you.
You are frozen.
* * * LOW HITPOINT WARNING * * *
A hobgoblin and a quokka come into view.
Things that are here:
a +0 club; a +0 club An endoplasm comes into view.
Found a stone staircase leading down.
A hobgoblin comes into view.
There is an open door here.
A kobold comes into view. It is wielding a +0 dagger.
The helpless kobold fails to defend itself.
You claw the kobold!
You kill the kobold!
Things that are here:
a +0 dagger; a kobold corpse You open the door.
There is an open door here.
You open the door. The quokka bites you.
You die...

###### #....############
+....')............
#....####.........#
##.r)...#.##.......
###+####@...r.#.##.......
.J.>...'.....J'..'.......
.......#......#.##.......
.......#......#.##.......
.......#......+..........
..g....#......#.#........
##...........#+#........
#####..................
#..................


You could see 2 endoplasms, a quokka, a hobgoblin (asleep) and a rat.

Vanquished Creatures
  2 goblins (D:1)
  A hobgoblin (D:1)
  2 kobolds (D:1)
  2 ball pythons (D:1)
  A bat (D:1)
  A frilled lizard (D:1)
  2 rats (D:1)
11 creatures vanquished.

Notes
Turn   | Place    | Note
-------+----------+-------------------------------------------
     0 | D:1      | Exodus22XD the Felid Enchanter began the quest for the Orb.
     0 | D:1      | Reached XP level 1. HP: 7/7 MP: 4/4
   357 | D:1      | Reached XP level 2. HP: 11/11 MP: 6/6
   366 | D:1      | Reached skill level 5 in Stealth
   433 | D:1      | Found a faded altar of an unknown god.
   483 | D:1      | Slain by a quokka

Illustrated notes

Levels and vault maps discovered:
D:1:      ebering_trefoil_3fold, layout_basic, shapermc_ecumenical_altar_gd,
          minmay_statues_item

Skill      XL: |  1  2 |
---------------+-------+-----
Stealth        | 5 |  5.0
Dodging        | |  2.6
Unarmed Combat | |  1.0
Spellcasting   | |  2.0
Hexes          | |  4.4

Action                   || total
-------------------------++-------
Melee: Unarmed           ||    28
       Bite              ||     4
 Stab: Sleeping          ||     1
Armor: Skin              ||     2
Dodge: Dodged            ||    20
